 Dungeon Crawl Stone Soup version 0.30-a0-1043-g60ff8d5f49 (webtiles) character file.

Game seed: 8983063619220691217

21660 Darkkill the Fighter (level 12, -6/113 HPs)
             Began as a Minotaur Hunter on Apr 10, 2023.
             Was an Initiate of Gozag.
             Mangled by an ice beast (8 damage)
             ... summoned by an ice statue
             ... in an ice cave.
             The game lasted 00:27:13 (12180 turns).

Darkkill the Fighter (Minotaur Hunter)             Turns: 12180, Time: 00:27:13

Health: -6/113     AC: 10    Str: 16    XL:     12   Next: 56%
Magic:  11/11      EV: 19    Int:  6    God:    Gozag
Gold:   1405       SH:  0    Dex: 19    Spells: 11/11 levels left

rFire   . . .      SeeInvis .    a - +4 arbalest (freeze)
rCold   . . .      Faith    .    (shield currently unavailable)
rNeg    . . .      Spirit   .    c - +0 leather armour
rPois   .          Reflect  .    L - +2 hat
rElec   .          Rampage  .    s - +1 cloak
rCorr   +                        n - +2 pair of gloves {infuse}
Will    .....                    (no boots)
Stlth   ++++                     r - amulet of regeneration
HPRegen 1.18/turn                g - ring of resist corrosion
MPRegen 0.12/turn                (no ring)

@: no status effects
A: horns 2, retaliatory headbutt
a: Renounce Religion, Potion Petition, Call Merchant, Bribe Branch


You were in an ice cave.
You worshipped Gozag.
Gozag was most pleased with you.
You visited 2 branches of the dungeon, and saw 13 of its levels.
You also visited: Sewer and Ice Cave.

You collected 2865 gold pieces.
You spent 196 gold pieces at shops.
You paid 1264 gold pieces to Gozag.

Inventory:

Hand Weapons
 a - a +4 arbalest of freezing (weapon)
 b - the +10 mace of Tyakac {elec, Str+3}
   (You found it on level 2 of the Dungeon)

   Str:       It affects your strength (+3).
Missiles
 d - 152 stones
 j - 38 poisoned darts
 p - 9 boomerangs
 z - a boomerang of dispersal {=f !f}
 M - 4 javelins
Armour
 c - a +0 leather armour (worn)
 n - a +2 pair of gloves of infusion (worn)
 s - a +1 cloak (worn)
 L - a +2 hat (worn)
Magical Staves
 K - a staff of fire
Jewellery
 g - a ring of resist corrosion (left hand)
 r - an amulet of regeneration (around neck)
Wands
 w - a wand of flame (26)
 y - a wand of light (8)
 C - a wand of digging (4)
 D - a wand of charming (2)
 J - a wand of mindburst (13)
 N - a wand of roots (3)
Scrolls
 k - 3 scrolls of teleportation
 l - 3 scrolls of immolation
 v - a scroll of fear
 F - a scroll of summoning
 H - a scroll of amnesia
Potions
 e - 6 potions of flight
 h - 2 potions of might
 i - 2 potions of ambrosia
 m - 5 potions of attraction
 o - 4 potions of mutation
 q - a potion of resistance
 t - 3 potions of haste
 u - 2 potions of invisibility
 B - 2 potions of brilliance
 E - 3 potions of lignification
 G - a potion of cancellation {unknown}
 I - a potion of magic {unknown}
Miscellaneous
 A - a phantom mirror


   Skills:
 + Level 12.9 Fighting
 + Level 12.4 Ranged Weapons
 + Level 11.9 Dodging
 + Level 9.9 Stealth


You had 11 spell levels left.
You didn't know any spells.
Your spell library contained the following spells:

 Spells                   Type           Power      Damage    Failure   Level
 Beastly Appendage        Tmut           0%         N/A       52%         1
 Sandblast                Erth           0%         2d4       52%         1
 Shock                    Conj/Air       0%         1d3       52%         1
 Passwall                 Tmut/Erth      0%         N/A       67%         2
 Wereblood                Tmut           0%         N/A       67%         2
 Gell's Gravitas          Tloc           0%         N/A       88%         3
 Spider Form              Tmut/Pois      0%         N/A       88%         3
 Stone Arrow              Conj/Erth      0%         3d7       88%         3
 Swiftness                Air            0%         N/A       88%         3
 Teleport Other           Tloc           0%         N/A       88%         3
 Volatile Blastmotes      Fire/Tloc      0%         2d10      88%         3
 Airstrike                Air            0%         2d(0-16)  99%         4
 Animate Armour           Summ/Erth      0%         N/A       99%         4
 Fulminant Prism          Conj/Hex       0%         3d5       99%         4
 Iskenderun's Mystic Bla  Conj/Tloc      0%         2d3       99%         4
 Blade Hands              Tmut           0%         N/A       100%        5
 Lee's Rapid Deconstruct  Erth           0%         3d4*      100%        5
 Dispersal                Tloc           0%         N/A       100%        6
 Iron Shot                Conj/Erth      0%         9d1       100%        6
 Lehudib's Crystal Spear  Conj/Erth      0%         10d2      100%        8


Dungeon Overview and Level Annotations

Branches:
Dungeon (9/15)             Temple (0/1) D:6            Lair (4/5) D:8
 Shoals (0/4) Lair:3        Snake (0/4) Lair:3        Sewer (visited)
  IceCv (1/1)
  Slime: Lair:4-5       Orc: D:9-12

Altars:
Gozag
Hepliaklqana
Qazlal
Trog
Wu Jian
Xom
Yredelemnul
The Shining One

Shops:
D:2 *   D:4 [   D:8 (   D:9 =(:   Lair:3 *

Annotations:
IceCv exclusion: ice statue


Innate Abilities, Weirdness & Mutations

You have a pair of horns on your head.
You reflexively headbutt those who attack you in melee.


Message History

Aim: an ice statue (severely damaged, 95% to hit)
You shoot a bolt. The bolt hits the ice beast!!
You kill the ice beast!
The ice beast disappears in a puff of smoke!
The ice statue gestures at you.
Fire: a) +4 arbalest (freeze)
Press: ? - help, Q - select action, (/) - cycle Shift-Dir - straight line, f/p - ice statue
Aim: an ice statue (severely damaged, 95% to hit)
You shoot a bolt. The bolt hits the ice beast.
The ice beast is moderately wounded.
You are engulfed in freezing vapours.
The ice statue gestures.
Fire: a) +4 arbalest (freeze)
Press: ? - help, Q - select action, (/) - cycle Shift-Dir - straight line, f/p - ice statue
Aim: an ice statue (severely damaged, 95% to hit)
You shoot a bolt. The bolt closely misses the ice beast.
The bolt hits the ice beast!!
The ice beast is severely wounded.
You are engulfed in freezing vapours.
The ice beast completely misses you. The ice beast misses you.
You furiously retaliate!
You headbutt the ice beast.
Fire: a) +4 arbalest (freeze)
Press: ? - help, Q - select action, (/) - cycle Shift-Dir - straight line, f/p - ice statue
Aim: an ice statue (severely damaged, 95% to hit)
You shoot a bolt. The bolt hits the ice beast!
The ice beast is almost dead.
You are engulfed in freezing vapours.
* * * LOW HITPOINT WARNING * * *
The ice beast misses you. You furiously retaliate!
You headbutt the ice beast, but do no damage.
Fire: a) +4 arbalest (freeze)
Press: ? - help, Q - select action, (/) - cycle Shift-Dir - straight line, f/p - ice statue
Aim: an ice statue (severely damaged, 95% to hit)
You shoot a bolt. The bolt hits the ice beast!!
You kill the ice beast!
The ice beast disappears in a puff of smoke!
You are engulfed in freezing vapours.
* * * LOW HITPOINT WARNING * * *
The ice statue gestures.
The ice beast hits you but does no damage.
Fire: a) +4 arbalest (freeze)
Press: ? - help, Q - select action, (/) - cycle Shift-Dir - straight line, f/p - ice statue
Aim: an ice statue (severely damaged, 95% to hit)
You shoot a bolt. The bolt hits the ice beast!
You kill the ice beast!
The ice beast disappears in a puff of smoke!
You are engulfed in freezing vapours.
* * * LOW HITPOINT WARNING * * *
Fire: a) +4 arbalest (freeze)
Press: ? - help, Q - select action, (/) - cycle Shift-Dir - straight line, f/p - ice statue
Aim: an ice statue (severely damaged, 95% to hit)
You shoot a bolt. The bolt hits the ice beast.
The ice beast is lightly wounded.
The ice beast hits you but does no damage. x2
Unknown command.
Unknown command.
You feel better. The ice beast completely misses you.
You feel better. The ice beast barely misses you.
Fire: a) +4 arbalest (freeze)
Press: ? - help, Q - select action, (/) - cycle Shift-Dir - straight line, f/p - ice statue
Aim: an ice statue (severely damaged, 95% to hit)
You shoot a bolt. The bolt barely misses the ice beast.
The bolt hits the ice statue but does no damage.
The ice statue is severely damaged.
The ice statue gestures at you.
The freezing blast engulfs the ice beast.
The ice beast completely resists.
The ice beast closely misses you. You furiously retaliate!
You headbutt the ice beast.
The ice beast hits you but does no damage.
The ice beast closely misses you.
Fire: a) +4 arbalest (freeze)
Press: ? - help, Q - select action, (/) - cycle Shift-Dir - straight line, f/p - ice statue
Aim: an ice statue (severely damaged, 95% to hit)
Okay, then.
You feel better.
You are engulfed in freezing vapours.
* * * LOW HITPOINT WARNING * * *
The ice beast hits you but does no damage. x2
You feel better.
You are engulfed in freezing vapours.
* * * LOW HITPOINT WARNING * * *
The ice beast hits you but does no damage.
The ice statue gestures.
The ice beast completely misses you. You furiously retaliate!
You headbutt the ice beast.
You feel better.
You are engulfed in freezing vapours.
* * * LOW HITPOINT WARNING * * *
A shapeshifter simulacrum comes into view.
The ice beast hits you.
* * * LOW HITPOINT WARNING * * *
The ice beast freezes you!
* * * LOW HITPOINT WARNING * * *
The ice beast barely misses you.
Read: 2 scrolls of summoning
Press: ? - help, Q - select action, (/) - cycle Dir - look around, f - activate Look: an ice beast (freezing vapour, lightly wounded, summoned)
As you read the scroll of summoning, it crumbles to dust.
Wisps of shadow whirl around you... The ice beast completely misses you.
The ice beast hits you.
* * * LOW HITPOINT WARNING * * *
The ice beast freezes you!
You die...
Your body crumbles into a pile of gold.

.#### .... ... #Z#
########.##
###.....J..J#
##.......JJJJ###
#......###J@Y$.###8.
#.....######YJY°....
#........[$###....##
##.....##$[. ####
##.....## .
####...### ##
##....#### ##...
###.....#####.....
####.........#


You could see 3 ice beasts, a shapeshifter simulacrum, 7 friendly slime
creatures and a friendly quicksilver ooze (summoned, wandering).

Vanquished Creatures
  Gastronok (Lair:3)
  Amaemon (Lair:2)
  3 skysharks
  A salamander (Lair:3)
  3 merfolk sirens (Lair:3)
  An ice statue (IceCv)
  An orange demon (Lair:2)
  2 rime drakes
  6 komodo dragons
  10 cane toads
  A troll (D:8)
  A merfolk (Lair:3)
  8 slime creatures (IceCv)
  A shadow (D:9)
  18 yaks
  5 wyverns
  3 steam dragons
  A fire elemental (Lair:3)
  7 water moccasins
  3 ice beasts
  3 sky beasts
  2 great orb of eyes simulacra (IceCv)
  An orc warrior (D:7)
  5 black bears
  2 ogres
  A phantom (D:4)
  3 slime creature simulacra (IceCv)
  2 kobold brigands (D:9)
  7 bullfrogs
  A gnoll sergeant (D:8)
  2 glowing shapeshifter simulacra (IceCv)
  5 scorpions
  7 wights
  14 killer bees (D:9)
  3 electric eels (D:9)
  4 howler monkeys
  2 hounds
  4 lava snakes (Lair:3)
  2 jellies
  5 orc priests
  7 iguanas
  A sleepcap (D:6)
  6 orc wizards
  4 hell rats (Lair:2)
  A shapeshifter simulacrum (IceCv)
  10 adders
  10 gnolls
  A shadow imp (D:6)
  2 white imps
  3 ufetubi
  4 worms
  7 dart slugs
  31 orcs
  7 ball pythons
  14 endoplasms
  3 giant cockroaches
  6 hobgoblins
  9 jackals
  16 kobolds
  4 quokkas
  11 bats
  4 frilled lizards
  7 goblins
  10 rats
330 creatures vanquished.

Vanquished Creatures (others)
  A killer bee (D:9)
  A fire vortex (Lair:3)
  5 fungi
  8 plants
15 creatures vanquished.

Grand Total: 345 creatures vanquished

Notes
Turn   | Place    | Note
-------+----------+-------------------------------------------
     0 | D:1      | Darkkill the Minotaur Hunter began the quest for the Orb.
     0 | D:1      | Reached XP level 1. HP: 18/18 MP: 0/0
    29 | D:1      | Reached skill level 1 in Stealth
    74 | D:1      | Reached XP level 2. HP: 25/25 MP: 1/1
   326 | D:1      | Reached XP level 3. HP: 25/31 MP: 2/2
   878 | D:2      | Found Cemyozia's Assorted Antiques.
   888 | D:2      | Bought a scroll labelled DADYNU GAGO for 25 gold pieces
   888 | D:2      | Bought a scroll labelled DADYNU GAGO for 25 gold pieces
   888 | D:2      | Bought a scroll labelled TAOFFA SOLOCE for 25 gold pieces
  1007 | D:2      | Identified the +10 mace of Tyakac {elec, Str+3}
  1065 | D:2      | Reached XP level 4. HP: 37/38 MP: 3/3
  1690 | D:3      | Reached skill level 5 in Ranged Weapons
  1693 | D:3      | Found a glowing drain.
  1704 | Sewer    | Entered a sewer
  1744 | Sewer    | Reached XP level 5. HP: 46/46 MP: 4/4
  2116 | D:3      | Found an opulent altar of Gozag.
  2183 | D:3      | Became a worshipper of Gozag Ym Sagoz the Greedy
  2217 | D:3      | Found a stormy altar of Qazlal.
  2595 | D:4      | Noticed a phantom
  2616 | D:4      | Killed a phantom
  2657 | D:4      | Noticed an ice beast
  2672 | D:4      | Killed an ice beast
  2673 | D:4      | Reached XP level 6. HP: 41/53 MP: 5/5
  2955 | D:4      | Reached skill level 5 in Fighting
  2955 | D:4      | Reached XP level 7. HP: 56/61 MP: 6/6
  3142 | D:4      | Found Juttuit's Antique Armour Emporium.
  3468 | D:5      | Entered Level 5 of the Dungeon
  3728 | D:5      | Found Boseneb's Hydra Hut.
  3732 | D:5      | Noticed an eight-headed hydra
  3798 | D:5      | Reached skill level 5 in Dodging
  4230 | D:5      | Found a glowing golden altar of the Shining One.
  4432 | D:6      | Reached XP level 8. HP: 70/70 MP: 7/7
  4691 | D:6      | Found a staircase to the Ecumenical Temple.
  5125 | D:6      | Reached skill level 5 in Stealth
  5798 | D:7      | Reached XP level 9. HP: 55/79 MP: 8/8
  6641 | D:8      | Found a staircase to the Lair.
  6850 | D:8      | Found a basalt altar of Yredelemnul.
  6864 | D:8      | Bought a +0 arbalest of freezing for 121 gold pieces
  6960 | D:8      | Noticed a troll
  6962 | D:8      | Killed a troll
  7204 | D:9      | Found Xipesonu's Antique Weapon Shop.
  7206 | D:9      | Found Nazu's Book Shoppe.
  7249 | D:9      | Found a shimmering altar of Xom.
  7249 | D:9      | Found a hazy altar of Hepliaklqana.
  7249 | D:9      | Found an ornate altar of the Wu Jian Council.
  7264 | D:9      | Reached XP level 10. HP: 62/91 MP: 9/9
  7311 | D:9      | Found Saoneito's Jewellery Shop.
  7321 | D:9      | HP: 17/91 [steam dragon (3)]
  7457 | D:9      | Found a bloodstained altar of Trog.
  7864 | D:9      | Found a flagged portal.
  8593 | Lair:1   | Entered Level 1 of the Lair of Beasts
  8702 | Lair:1   | Noticed a cane toad
  8704 | Lair:1   | Killed a cane toad
  9043 | Lair:1   | Reached skill level 10 in Fighting
  9406 | Lair:2   | Reached skill level 10 in Ranged Weapons
  9425 | Lair:2   | Noticed a cane toad
  9434 | Lair:2   | Killed a cane toad
  9598 | Lair:2   | Noticed an orange demon
  9598 | Lair:2   | Noticed a cane toad
  9600 | Lair:2   | Noticed Amaemon
  9606 | Lair:2   | Killed an orange demon
  9608 | Lair:2   | Killed Amaemon
  9609 | Lair:2   | Reached XP level 11. HP: 52/101 MP: 10/10
  9614 | Lair:2   | HP: 19/101 [poisoned by a cane toad]
  9619 | Lair:2   | HP: 16/101 [poisoned by a cane toad]
  9744 | Lair:2   | Reached skill level 10 in Dodging
 10408 | Lair:3   | Found a staircase to the Shoals.
 10589 | Lair:3   | Noticed a skyshark
 10594 | Lair:3   | Killed a skyshark
 10713 | Lair:3   | Noticed Gastronok
 10721 | Lair:3   | Killed Gastronok
 10722 | Lair:3   | Reached XP level 12. HP: 112/112 MP: 11/11
 10777 | Lair:3   | HP: 22/112 [salamander/+0 halberd (7)]
 10777 | Lair:3   | HP: 10/112 [salamander/+0 halberd (12)]
 10783 | Lair:3   | HP: 21/112 [salamander/+0 halberd (12)]
 10989 | Lair:3   | Found a staircase to the Snake Pit.
 11530 | Lair:4   | Noticed a death yak
 11530 | Lair:4   | Noticed a death yak
 11531 | Lair:4   | Noticed a death yak
 11532 | Lair:4   | Noticed a death yak
 11532 | Lair:4   | Noticed a death yak
 11533 | Lair:4   | Noticed a death yak
 11897 | Lair:4   | Found a frozen archway.
 11910 | IceCv    | Entered an ice cave
 11952 | IceCv    | HP: 16/113 [large slime creature (21)]
 11957 | IceCv    | HP: 18/113 [slime creature (5)]
 12170 | IceCv    | HP: 16/113 [ice statue] (15)]
 12171 | IceCv    | HP: 7/113 [ice statue] (10)]
 12176 | IceCv    | HP: 21/113 [ice statue] (11)]
 12178 | IceCv    | HP: 3/113 [ice beast[an ice statue] (14)]
 12180 | IceCv    | Mangled by an ice beast

Illustrated notes

Levels and vault maps discovered:
D:1:      dpeg_arrival_morbid_curiosity, layout_basic,
          chequers_serial_rivers_room_a, minmay_misc_feat_doors
D:2:      layout_loops_ring, serial_shops, shop
D:3:      layout_basic, lemuel_crystal_altar,
          nicolae_gozag_cash_rules_everything_around_me, portal_sewer_entry_d,
          hex_intersection, kennysheep_generic_room_10
D:4:      layout_loops_ring, serial_shops, kennysheep_little_box
D:5:      layout_gridville, tso_altar, serial_glass, glass_columns_a,
          glass_columns_a, doesnt_shop_hydraphobe
D:6:      layout_layer_cave, temple_pool_b, minmay_starry_boxes
D:7:      layout_loops_corners
D:8:      layout_basic, mainiacjoe_overflow_six_doors_small, dpeg_oklobed_lair
D:9:      layout_basic, lemuel_tele_altar,
          chequers_temple_overflow_statue_of_worship, serial_shops, shop_statue,
          enter_bailey_6, nicolae_wooded_promenade, minmay_misc_feat_tiny,
          amethyst_killhole, minmay_door_square
Lair:1:   layout_chaotic_city, beast_lair_carwin_2, serial_bayou_shore_b
Lair:2:   layout_roguey, uniq_amaemon
Lair:3:   layout_gridlike, elwin_shoals_entry_stream,
          nicolae_snake_entry_warm_welcome, uniq_gastronok
Lair:4:   layout_regular_city, portal_ice_cave_entry_pillars_2
IceCv:    ice_cave_hellmonk_azure_passage

Skill      XL: |  1  2  3  4  5  6  7  8  9 10 11 12 |
---------------+-------------------------------------+-----
Stealth        | 1 2 3 4 5 6 7 9 |  9.9
Fighting       | 3 4 5 7 9 10 12 | 12.9
Dodging        | 3 4 5 6 8 9 11 | 11.9
Ranged Weapons | 5 6 7 9 10 11 12 | 12.4

Action                     |  1- 3 |  4- 6 |  7- 9 | 10-12 || total
---------------------------+-------+-------+-------+-------++-------
  Melee: Mace              |       |    18 |       |       ||    18
         Headbutt          |       |     1 |       |       ||     1
   Fire: Shortbow          |   109 |   148 |   479 |       ||   736
         Arbalest          |       |       |    23 |   493 ||   516
 Invoke: Call Merchant     |       |       |     1 |     1 ||     2
  Evoke: Wand              |       |       |     2 |     6 ||     8
    Use: Scroll            |     9 |     4 |     9 |    15 ||    37
         Potion            |       |     8 |       |    14 ||    22
 Armour: Leather armour    |     3 |    34 |    54 |    52 ||   143
  Dodge: Dodged            |    16 |    71 |   214 |   289 ||   590

Table legend: (Time is in decaauts)
 A = Elapsed time spent in this place.
 B = Non-inter-level travel time spent in this place.
 C = Inter-level travel time spent in this place.
 D = Time resting spent in this place.
 E = Time spent auto-exploring this place.
 F = Levels seen in this place.
 G = Mean time per level.
                   A        B        C        D        E       F      G
               +--------+--------+--------+--------+--------+-----+--------+
         Total |  12640 |  12236 |    404 |    202 |   9591 |  15 |  842.7 |
       Dungeon |   8508 |   8157 |    351 |    130 |   6481 |   9 |  945.3 |
          Lair |   3463 |   3410 |     53 |     72 |   2743 |   4 |  865.8 |
         Sewer |    358 |    358 |      0 |      0 |    263 |   1 |  358.0 |
      Ice Cave |    309 |    309 |      0 |      0 |    104 |   1 |  309.0 |
               +--------+--------+--------+--------+--------+-----+--------+

Top non-repeatable levels by time:
     D:9: 1478 daAuts
  Lair:3: 1257 daAuts
     D:6: 1192 daAuts
     D:7: 1001 daAuts
     D:5: 957 daAuts
  Lair:2: 924 daAuts
     D:4: 906 daAuts
     D:2: 807 daAuts
     D:1: 776 daAuts
     D:3: 770 daAuts
  Lair:1: 728 daAuts
     D:8: 618 daAuts
  Lair:4: 553 daAuts
   Sewer: 358 daAuts
   IceCv: 309 daAuts

Table legend:
 A = Kills in this place as a percentage of kills in the entire game.
 B = Kills by you in this place as a percentage of kills by you in the entire game.
 C = Kills by friends in this place as a percentage of kills by friends in the entire game.
 D = Other kills in this place as a percentage of other kills in the entire game.
 E = Experience gained in this place as a percentage of experience gained in the entire game.
 F = Experience gained in this place divided by the number of levels of this place that you have seen.
                   A       B       C       D       E      F
               +-------+-------+-------+-------+-------+----------------------
         Total | 100.0 | 100.0 |   N/A |   N/A | 100.0 | 2062.9
       Dungeon |  69.1 |  69.1 |   N/A |   N/A |  22.9 | 787.3
          Lair |  22.4 |  22.4 |   N/A |   N/A |  67.1 | 5191.2
         Sewer |   3.3 |   3.3 |   N/A |   N/A |   0.1 |  37.0
      Ice Cave |   5.2 |   5.2 |   N/A |   N/A |   9.9 | 3055.0
               +-------+-------+-------+-------+-------+----------------------
